[Event "Late-Titled-Tuesday-Blitz-June-18-2024"]
[Site "Chess.com"]
[Date "2024.06.18"]
[Round "8"]
[White "kleber2007"]
[Black "HouseOfDurin"]
[Result "1/2-1/2"]
[WhiteElo "2469"]
[BlackElo "2350"]
[TimeControl "180+1"]
[EndTime "15:29:47 PDT"]
[Termination "Game drawn by repetition"]

1. Nf3 g6 2. d4 Bg7 3. e4 d6 4. c3 a6 5. Bd3 b5 6. a4 bxa4 7. Qxa4+ Nd7 8. Bg5 h6 9. Bh4 g5 10. Bg3 Nf6 11. Nbd2 O-O 12. O-O Bb7 13. b4 Nh5 14. Qc2 Nxg3 15. hxg3 e5 16. dxe5 Nxe5 17. Nxe5 Bxe5 18.
Nc4 Bg7 19. Ne3 Qf6 20. Ra3 Rfe8 21. c4 Qb2 22. Qxb2 Bxb2 23. Ra2 Bc3 24. Nd5 Bxd5 25. cxd5 Bxb4 26. Rc1 Bc5 27. Rca1 Reb8 28. Bxa6 Rb4 29.
Bd3 Rab8 30. Ra8 Kg7 31. Rxb8 Rxb8 32. Ra2 Rb3 33. Bf1 Kf6 34. g4 Ke5 35. Re2 Rb4 36.
g3 Rxe4 37. Rxe4+ Kxe4 38. Bg2+ Kd3 39. Kf1 Kd2 40. Be4 Bd4 41. Bg2 f6 42. Be4 Be5 43. Bg2 Kd3 44. Bf3 Bc3 45. Bg2 Kd4 46. Ke2 Ba5 47.
Bf3 Ke5 48. Bg2 Bb6 49. Bf3 Bc5 50. Bg2 f5 51. gxf5 Kxf5 52. Bh3+ g4 53. Bg2 h5 54.
Bh1 Ke5 55. Bg2 Kf5 56. Bh1 Bd4 57. Bg2 Bf6 58. Bh1 Ke5 59. Bg2 h4 60. gxh4 Bxh4 61. Bh1 Kf4 62. Bg2 Bf6 63. Bh1 Bd4 64. Bg2 Bc5 65. Bh1 Bd4 66. Bg2 Bb6 67. Bh1 Bc5 68. Bg2 Bb6 69. Bh1 g3 70. fxg3+ Kxg3 71. Kd3 Kf4 72. Kc4 Ke5 73. Bg2 Kf4 74. Bh3 Bc5 75. Bd7 Bb6 76. Bc6 Ke5 77. Kb5 Kd4 78. Ka6 Ke5 79. Kb5 Kd4 80. Kb4 Ke5 81. Kb5 1/2-1/2

[Event "Late-Titled-Tuesday-Blitz-June-18-2024"]
[Site "Chess.com"]
[Date "2024.06.18"]
[Round "8"]
[White "AlphaPerseii"]
[Black "carloseduar100"]
[Result "1/2-1/2"]
[WhiteElo "2402"]
[BlackElo "2251"]
[TimeControl "180+1"]
[EndTime "15:29:48 PDT"]
[Termination "Game drawn by repetition"]

1. c4 e6 2. d4 d5 3. Nc3 a6 4.
cxd5 exd5 5. Nf3 c6 6. Bf4 Bd6 7. Bg3 Ne7 8. e3 Bf5 9. Bd3 Qc7 10. Rc1 Bxd3 11. Qxd3 Bxg3 12. hxg3 Nd7 13. Rxh7 O-O-O 14. Kd2 Rdg8 15. Rch1 Rxh7 16. Rxh7 Nf6 17. Rh1 g6 18. Ne5 Nf5 19. g4 Nd6 20. f3 Kd8 21. Kc1 Ke7 22.
b3 Qa5 23. Kb2 Nd7 24. Nxd7 Kxd7 25. Na4 Re8 26. Nc5+ Kc7 27. Rc1 f5 28. gxf5 gxf5 29. Rc2 Qe1 30. Nxa6+ bxa6 31. Qxa6 Kd7 32. Qxc6+ Ke6 33.
Qc3 Qf1 34. Qb4 Rc8 35. Qd2 Rg8 36. a4 Rb8 37. Rc6 Kd7 38. Qc2 Nc4+ 39. Rxc4 dxc4 40.
Qxf5+ Kd8 41. Qf8+ Kc7 42. Qc5+ Kd7 43. Qd5+ Kc7 44. Qe5+ Kc8 45. Qe6+ Kb7 46. Qxc4 Qxg2+ 47. Ka3 Qxf3 48. d5 Ka7 49. Qc5+ Ka8 50. Qc6+ Ka7 51.
Qc5+ Ka8 52. Qa5+ Kb7 53. Qb5+ Ka7 54. Qc5+ 1/2-1/2

[Event "Late-Titled-Tuesday-Blitz-June-18-2024"]
[Site "Chess.com"]
[Date "2024.06.18"]
[Round "8"]
[White "temus_galaktionov"]
[Black "Jospem"]
[Result "0-1"]
[WhiteElo "2874"]
[BlackElo "3059"]
[TimeControl "180+1"]
[EndTime "15:29:49 PDT"]
[Termination "Jospem won on time"]

1. d4 Nf6 2. c4 e6 3. Nf3 Bb4+ 4. Nbd2 O-O 5. a3 Be7 6. e4 d6 7.
b4 Nfd7 8. Bb2 e5 9. dxe5 dxe5 10. Be2 a5 11. b5 f6 12. O-O Nc5 13. Qc2 Be6 14.
Rad1 Nbd7 15. Nh4 g6 16. g3 c6 17. Ng2 Rc8 18. bxc6 bxc6 19. f4 Qb6 20. Kh1 Rb8 21.
Rb1 Qc7 22. Nf3 a4 23. Bc3 Nb3 24. fxe5 fxe5 25. h4 c5 26. Bb2 Nd4 27. Nxd4 exd4 28. Nf4 Bf7 29. Qxa4 Nf6 30. Qc2 Bd6 31. Kg2 Rbe8 32. Bd3 Ng4 33. Bc1 Qd8 34. Bd2 g5 35. hxg5 Qxg5 36. Rf3 Ne5 37. Rf2 Qg4 38. Rbf1 Ng6 39.
Be2 Qd7 40. Nh5 Be5 41. Bh6 Qd6 42. Bxf8 Rxf8 43. Qd3 Qe7 44. Rf5 Be6 45. Rxf8+ Nxf8 46. Qd2 Ng6 47. Qh6 Qd8 48. Bd3 Bg4 49. Rf2 Qe7 50. Nf4 Qd6 0-1

[Event "Late-Titled-Tuesday-Blitz-June-18-2024"]
[Site "Chess.com"]
[Date "2024.06.18"]
[Round "8"]
[White "ATM622"]
[Black "SRob2003"]
[Result "0-1"]
[WhiteElo "2541"]
[BlackElo "2704"]
[TimeControl "180+1"]
[EndTime "15:29:50 PDT"]
[Termination "SRob2003 won by resignation"]

1. d4 d5 2. c4 e6 3. Nf3 Nf6 4. Nbd2 c5 5. g3 Nc6 6. dxc5 Bxc5 7. Nb3 Bb4+ 8. Bd2 dxc4 9. Nc1 Ne4 10. Bg2 Nxd2 11. Nxd2 O-O 12. a3 Ba5 13. b4 cxb3 14. Nxb3 Bb6 15. O-O Na5 16. Nxa5 Bxa5 17. Nc4 Bc7 18.
Rb1 Rb8 19. Qc2 b5 20. Rfd1 Qe7 21. Ne3 a6 22. a4 b4 23. Nc4 a5 24. Bc6 Ba6 25. Rd7 Qc5 26. Rxc7 Qxc4 27. Qxc4 Bxc4 28. Ra7 Rfc8 29. Be4 Bxe2 30. Rxa5 b3 31. Kg2 f5 32.
Bf3 Bxf3+ 33. Kxf3 b2 34. Rb5 Rxb5 35. axb5 Rc3+ 36.
Kf4 Rb3 37. Ke5 Kf7 38. Kd6 Rxb5 39. f3 e5 40. Kc6 Rb3 41. f4 e4 42. Kc5 Kf6 43.
Kc4 Rb8 44. Kd4 Ke6 45. Kc3 Kd5 46. Kc2 Kc4 47. h3 g6 48. g4 h6 49. Re1 b1=Q+ 50. Rxb1 Rxb1 51. Kxb1 Kd3 52. Kc1 Ke3 53.
g5 h5 0-1

[Event "Late-Titled-Tuesday-Blitz-June-18-2024"]
[Site "Chess.com"]
[Date "2024.06.18"]
[Round "8"]
[White "DeTimmerman"]
[Black "King_Deded4d5"]
[Result "1-0"]
[WhiteElo "2757"]
[BlackElo "2513"]
[TimeControl "180+1"]
[EndTime "15:29:53 PDT"]
[Termination "DeTimmerman won on time"]

1. Nf3 d5 2. e3 Nf6 3. c4 e6 4. Be2 Bd6 5. O-O O-O 6. d4 c6 7. Nc3 Nbd7 8. Qc2 e5 9. cxd5 cxd5 10. dxe5 Nxe5 11. Rd1 Bg4 12. Nxe5 Bxe5 13. Nxd5 Rc8 14. Nc3 Qc7 15. h3 Bxe2 16. Qxe2 Bxc3 17. bxc3 Ne4 18.
Rd4 Qxc3 19. Bb2 Qc2 20. Re1 f5 21. Rd7 Rf7 22. Rd8+ Rf8 23. Rd7 Rf7 24. Rxf7 Kxf7 25.
Qh5+ Ke6 26. Re2 Qd1+ 27. Kh2 g6 28. Qf3 Rc2 29. Rxc2 Qxc2 30. Bd4 Qxf2 31. Qd1 Qg3+ 32. Kg1 Qf2+ 33. Kh2 Qxa2 34. Qc1 Qd5 35. Qc8+ Qd7 36. Qh8 a6 37. Qe5+ Kf7 38. Qg7+ Ke8 39. Qh8+ Ke7 40. Qxh7+ Kd8 41. Qg8+ Kc7 42. Be5+ Kc6 43. Qxg6+ Kd5 44. Bf4 a5 45. h4 a4 46. h5 a3 47. h6 a2 48. Qg8+ Qe6 49. Qd8+ Kc4 50. Qd4+ Kb3 51.
h7 1-0

[Event "Late-Titled-Tuesday-Blitz-June-18-2024"]
[Site "Chess.com"]
[Date "2024.06.18"]
[Round "8"]
[White "DanylaBagrov"]
[Black "manitodeplomo"]
[Result "1-0"]
[WhiteElo "2529"]
[BlackElo "2651"]
[TimeControl "180+1"]
[EndTime "15:29:55 PDT"]
[Termination "DanylaBagrov won by resignation"]

1. e4 e6 2. Qe2 c5 3. Nf3 b6 4. g3 Ba6 5. d3 Nf6 6. Bg2 Bb7 7. O-O d6 8. Nc3 Nc6 9. e5 dxe5 10. Nxe5 Nd4 11. Qd1 Bxg2 12. Kxg2 Bd6 13. Nf3 O-O 14.
Nxd4 cxd4 15. Ne2 e5 16. c3 dxc3 17. bxc3 Rc8 18. c4 Bc5 19. Bb2 Qd6 20. Qc2 Rcd8 21.
Rad1 Rfe8 22. Nc3 Qc6+ 23. Kg1 Qf3 24. Qe2 Qf5 25. Ne4 Bd4 26. Ba3 Nxe4 27. dxe4 Qe6 28.
Bb2 Bxb2 29. Qxb2 Qxc4 30. Rxd8 Rxd8 31. Qxe5 Qxa2 32. Qe7 Rc8 33. Rd1 h6 34. Rd7 a5 35.
Kg2 Qe6 36. Qxe6 fxe6 37. Ra7 Rc4 38. Kf3 Rb4 39. Kf4 a4 40. Ke5 b5 41. f4 Rb3 42. Kxe6 a3 43. e5 b4 44. Kf5 Re3 45. Kg6 Kf8 46. Ra8+ Ke7 47. Kxg7 Ke6 48. g4 Kd5 49. f5 Kxe5 50. f6 Rf3 51. f7 Kd4 52. f8=Q Rxf8 53. Kxf8 Kc3 54. h4 Kb2 55. g5 hxg5 56.
hxg5 a2 57. g6 a1=Q 58. Rxa1 Kxa1 59. g7 b3 60. g8=Q b2 61. Qg7 Ka2 62. Qa7+ Kb3 63. Qb6+ Kc2 64. Qc5+ Kb3 65. Qb5+ Ka3 66. Ke7 Ka2 67.
Qa4+ Kb1 68. Kd6 Kc1 69. Qc4+ Kd2 70. Qb3 Kc1 71. Qc3+ Kd1 72. Qxb2 1-0

[Event "Late-Titled-Tuesday-Blitz-June-18-2024"]
[Site "Chess.com"]
[Date "2024.06.18"]
[Round "8"]
[White "Sondremelaa"]
[Black "Tolya2"]
[Result "1-0"]
[WhiteElo "2622"]
[BlackElo "2470"]
[TimeControl "180+1"]
[EndTime "15:29:55 PDT"]
[Termination "Sondremelaa won on time"]

1. e4 c5 2. Nf3 d6 3. d4 cxd4 4. Nxd4 Nf6 5. Nc3 a6 6. h3 h5 7. Bc4 e6 8. Bg5 Be7 9. Qd2 Nc6 10. O-O-O Qc7 11. Bb3 Na5 12. g4 b5 13. f3 Nc4 14.
Bxc4 Qxc4 15. gxh5 Bb7 16. Kb1 Rxh5 17. h4 O-O-O 18.
Nb3 Qc7 19. Qe3 Kb8 20. Rd3 Rhh8 21. Rhd1 d5 22. exd5 b4 23. d6 Bxd6 24. Rxd6 Rxd6 25.
Rxd6 bxc3 26. Bf4 Kc8 27. bxc3 Rxh4 28. Be5 Nd7 29. Rxe6 Nxe5 30. Re8+ Kd7 31. Rxe5 Qd6 32. Nc5+ Kc6 33. Nd3 Bc8 34. Rc5+ Kb7 35. Nb4 Be6 36. Kb2 Qb6 37. Qf2 Rxb4+ 38. cxb4 Qxb4+ 39. Kc1 a5 40. Qe3 Qb6 41. a3 a4 42. Qc3 Bd5 43. Qb4 Qxb4 44.
axb4 Bc6 45. f4 Bd7 46. Kb2 f6 47. Ka3 Kb6 48. c4 Be8 49. Rd5 Bc6 50. Rd6 Kc7 51. c5 g5 52. Rxf6 g4 53. Rg6 Bf3 54. Rg7+ Kc6 55. f5 1-0

[Event "Late-Titled-Tuesday-Blitz-June-18-2024"]
[Site "Chess.com"]
[Date "2024.06.18"]
[Round "8"]
[White "KNVB"]
[Black "JG1me"]
[Result "0-1"]
[WhiteElo "2774"]
[BlackElo "2574"]
[TimeControl "180+1"]
[EndTime "15:29:56 PDT"]
[Termination "JG1me won on time"]

1. d4 Nf6 2. Bf4 d6 3. e3 g6 4.
h3 Bg7 5. Nf3 O-O 6. c3 Nfd7 7.
Bh2 e5 8. a4 Nc6 9. Be2 f5 10. a5 a6 11. b4 Qe7 12. Na3 Kh8 13.
Qb3 f4 14. d5 Nd8 15. e4 Nf6 16. Nd2 c6 17. c4 Bd7 18. f3 Nh5 19. O-O-O Rc8 20.
Kb2 Qg5 21. Rhg1 Ng3 22. Bd3 Rf7 23. Rc1 Be8 24. Nab1 Rfc7 25. Nc3 Bf7 26. Na4 cxd5 27. Nb6 dxc4 28. Bxc4 Ne2 29. Nxc8 Nxc1 30. Rxc1 Qxg2 31. Rc2 Rxc8 32. Bxf7 Rxc2+ 33. Qxc2 Qxh2 34. Bd5 Bf6 35. Nc4 Qxh3 36. b5 Qd7 37. bxa6 bxa6 38. Qb3 h5 39. Qb6 h4 40. Nxd6 h3 41. Nf7+ Nxf7 42. Qxf6+ Kg8 43. Qxg6+ Kf8 44. Bxf7 Qxf7 45. Qh6+ Qg7 46. Qxh3 Qb7+ 47. Kc1 Qc7+ 48. Kd1 Qxa5 49. Qc8+ Ke7 50.
Qb7+ Kd6 51. Qb8+ Qc7 52. Qf8+ Kc6 53. Qf6+ Qd6+ 54. Qxd6+ Kxd6 55. Kc2 Kc5 56. Kc3 a5 57. Kb3 Kd4 58. Ka4 Ke3 59. Kxa5 Kxf3 60. Kb5 Kxe4 61. Kc4 f3 62. Kc5 f2 63. Kd6 f1=Q 64. Kc6 Qd3 0-1

[Event "Late-Titled-Tuesday-Blitz-June-18-2024"]
[Site "Chess.com"]
[Date "2024.06.18"]
[Round "8"]
[White "Andrii_Prydun"]
[Black "Cxrjs"]
[Result "0-1"]
[WhiteElo "2366"]
[BlackElo "2518"]
[TimeControl "180+1"]
[EndTime "15:29:58 PDT"]
[Termination "Cxrjs won on time"]

1. e4 e5 2. d4 exd4 3. Qxd4 Nc6 4. Qc4 Nf6 5. Nc3 Bb4 6. Bd2 O-O 7. O-O-O Re8 8. f3 a5 9. Be1 b6 10. Nge2 Ba6 11. Qb3 Bc5 12. Na4 Bf8 13. Nec3 Bxf1 14. Rxf1 Qe7 15. g4 h5 16. h3 Qb4 17. Bg3 d6 18. g5 Nd7 19. Qd5 Nce5 20. a3 c6 21. Qd2 Qc4 22. f4 Ng6 23. b3 Qa6 24.
Nb2 Nc5 25. Rde1 Nxe4 26. Nxe4 Rxe4 27. f5 Ne5 28. Qg2 Rxe1+ 29. Rxe1 Qb5 30. g6 Qc5 31. f6 Nxg6 32. Bf2 Qxa3 33. Kb1 a4 34. Nc4 Qb4 35. Qxc6 Rd8 36. Qxb6 Qxb6 37. Bxb6 axb3 38. cxb3 Rb8 39. fxg7 Bxg7 40. Rd1 Nf4 41. Rxd6 Nxh3 42. Kc2 Nf4 43. Bc7 Rc8 44. Rd8+ Rxd8 45. Bxd8 Ne6 46. Be7 Nd4+ 47. Kd3 Nxb3 48. Ke4 Nd4 49. Kf4 Kh7 50. Ne3 Bh6+ 51. Ke4 Bxe3 0-1

[Event "Late-Titled-Tuesday-Blitz-June-18-2024"]
[Site "Chess.com"]
[Date "2024.06.18"]
[Round "8"]
[White "LoonsDeKoeben"]
[Black "Sic_Transit_GM"]
[Result "0-1"]
[WhiteElo "2402"]
[BlackElo "2529"]
[TimeControl "180+1"]
[EndTime "15:30:00 PDT"]
[Termination "Sic_Transit_GM won by checkmate"]

1. e4 e5 2. f4 d5 3. exd5 e4 4. Nc3 Nf6 5. d3 Bb4 6. Bd2 e3 7. Bxe3 O-O 8. Be2 Re8 9. Bd2 Bg4 10. Nf3 Bxf3 11. gxf3 Nh5 12. O-O Bc5+ 13. Kg2 Be3 14. Bxe3 Rxe3 15. Qd2 Nxf4+ 16. Kf2 Qh4+ 17. Kg1 Qg5+ 18.
Kf2 Re8 19. Ne4 Qh4+ 20. Kg1 Nd7 21. Kh1 f5 22. Ng3 Nf6 23. Nxf5 Qg5 24. Ng3 Rxe2 25.
Qxe2 Nxe2 26. Nxe2 Nxd5 27. Ng3 Qh6 28. Rae1 Rf8 29. Re4 Nf4 30. Rg1 Qc6 31. Rf1 Nh3 32.
Kg2 Nf4+ 33. Kh1 Qh6 34. Rg1 Ng6 35. Rf1 Qh3 36. Kg1 Nh4 37. f4 Qg4 38. f5 Qg5 39. Kh1 Nxf5 40. Ref4 Nxg3+ 41. hxg3 Rxf4 42. gxf4 Qh5+ 43. Kg2 Qe2+ 44. Rf2 Qe6 45. Kf3 Qxa2 46. Re2 Qxb2 47.
Re8+ Kf7 48. Rc8 Qb6 49. Rh8 Qc6+ 50. Ke2 a5 51. Ke3 a4 52. Rxh7 a3 53. Rh1 Qxh1 54. Kd4 a2 55. c3 a1=Q 56. f5 Qa4+ 57. Ke5 Qh2+ 58. Kd5 Qd6# 0-1

[Event "Late-Titled-Tuesday-Blitz-June-18-2024"]
[Site "Chess.com"]
[Date "2024.06.18"]
[Round "8"]
[White "KebabJangles"]
[Black "Roedor"]
[Result "1/2-1/2"]
[WhiteElo "2285"]
[BlackElo "2440"]
[TimeControl "180+1"]
[EndTime "15:30:01 PDT"]
[Termination "Game drawn by repetition"]

1. Nf3 Nf6 2. d4 g6 3. c4 Bg7 4. g3 O-O 5. Bg2 d5 6. cxd5 Nxd5 7. O-O Nc6 8. e4 Nb6 9. d5 Na5 10. Nc3 c6 11. dxc6 Nxc6 12. Bf4 Bg4 13. h3 Qxd1 14. Raxd1 Bxf3 15. Bxf3 Nd4 16. Bg2 e5 17. Be3 Nc4 18.
b3 Nxe3 19. fxe3 Nc2 20. Nd5 Bh6 21. Kf2 Rad8 22. Rd3 f5 23. Ke2 Rxd5 24. exd5 e4 25. Rc3 Nb4 26. d6 Rd8 27. Rd1 Nc6 28. g4 Kf7 29.
gxf5 gxf5 30. Rc5 Ke6 31. Rcd5 Ne5 32. h4 Nd3 33. Rd4 Bg7 34. Bxe4 Bxd4 35. Bxd3 Bb6 36.
Bc4+ Ke5 37. Rd5+ Ke4 38. d7 Bxe3 39. Rd3 f4 40. Bd5+ Ke5 41. Bxb7 h6 42. h5 Kf5 43. Bf3 Kg5 44. Rd5+ Kh4 45. a4 Kg3 46. a5 Bc1 47. b4 Be3 48. b5 Bg1 49. Rd6 Bc5 50. Rg6+ Kh4 51. Rg4+ Kh3 52. Rxf4 Rxd7 53. Bg4+ Kg3 54. Bxd7 Kxf4 55. Kd3 Ke5 56. Kc4 Bg1 57. Be8 Kd6 58. Kb4 Kc7 59. Kc4 Bf2 60. Kd5 Be1 61.
a6 Bd2 62. Ke6 Kb6 63. Bc6 Bc1 64. Kd7 Bd2 65. Kc8 Bc1 66. Kb8 Bd2 67. Kc8 Bc1 68.
Kd7 Bd2 69. Kd6 Bc1 70. Kd5 Bd2 71. Ke4 Bc1 72. Kd3 Bg5 73. Ke4 Bc1 74. Kd3 Bg5 75.
Ke2 Bf4 76. Kf3 Bg5 77. Kg4 Bc1 78. Kf5 Bd2 79. Ke4 Bc1 1/2-1/2

[Event "Late-Titled-Tuesday-Blitz-June-18-2024"]
[Site "Chess.com"]
[Date "2024.06.18"]
[Round "8"]
[White "NovakRatko"]
[Black "hoshiboshi"]
[Result "0-1"]
[WhiteElo "2409"]
[BlackElo "2280"]
[TimeControl "180+1"]
[EndTime "15:30:04 PDT"]
[Termination "hoshiboshi won by resignation"]

1. d4 Nf6 2. c4 e6 3. Bg5 h6 4. Bxf6 Qxf6 5. Nf3 g6 6. e4 Bg7 7. e5 Qe7 8. Nc3 O-O 9. Bd3 d6 10. O-O Nd7 11. exd6 cxd6 12. Re1 a6 13. Qc2 b6 14. b4 Bb7 15. d5 e5 16. a4 f5 17. Nd2 Rae8 18.
f3 Qf6 19. Rac1 h5 20. Ne2 Bh6 21. Ng3 h4 22. Ne2 Qg5 23. Rcd1 Nf6 24. Nc3 Nh5 25. Nf1 Nf4 26. Kh1 Bc8 27. Qf2 Bg7 28. Ne2 e4 29. Nxf4 Qxf4 30. Bb1 Bc3 31. Re2 exf3 32. Rxe8 Rxe8 33.
Qxf3 Qxf3 34. gxf3 Bxb4 35. Nd2 Bxd2 36. Bxf5 Bxf5 37.
Rxd2 h3 38. Kg1 Re1+ 39. Kf2 Rc1 40. Rd4 Rc2+ 41. Kg3 Rg2+ 42. Kf4 Rxh2 43. Kg5 Kf7 44. Rh4 Rg2+ 45. Kf4 h2 46. Rh7+ Kf6 47. Ke3 Ra2 48. Kf4 Rxa4 49. Rxh2 Rxc4+ 50. Ke3 Rc5 51. Rd2 a5 52.
Kf4 a4 53. Rb2 b5 54. Rd2 a3 55. Ke3 Rc4 56. Ra2 Ra4 57. Rd2 b4 58. Kd4 a2 0-1

[Event "Late-Titled-Tuesday-Blitz-June-18-2024"]
[Site "Chess.com"]
[Date "2024.06.18"]
[Round "8"]
[White "Polish_fighter3000"]
[Black "ZverevLev"]
[Result "1/2-1/2"]
[WhiteElo "3088"]
[BlackElo "2763"]
[TimeControl "180+1"]
[EndTime "15:30:06 PDT"]
[Termination "Game drawn by repetition"]

1. e4 e5 2. Nf3 Nc6 3. Bb5 a6 4.
Ba4 Nf6 5. d3 Bc5 6. c3 b5 7.
Bc2 d6 8. a4 Ba7 9. O-O O-O 10.
h3 h6 11. Re1 Be6 12. Nbd2 Re8 13. Nf1 d5 14. exd5 Bxd5 15. Ng3 Qd6 16. Be3 Bxe3 17.
Rxe3 Rad8 18. Qe2 b4 19. Re1 bxc3 20. bxc3 Bxf3 21. Qxf3 Nd5 22. Bb3 Nxe3 23. Bxf7+ Kh8 24. Bxe8 Nxg2 25. Qxg2 Rxe8 26. d4 Rg8 27. Ne4 Qd7 28. Nc5 Qd6 29. Ne4 Qd7 30. Nc5 Qd6 31. Nb7 Qf6 32.
d5 Ne7 33. Nc5 Qd6 34. Ne4 Qxd5 35. Qg4 Qd3 36. Rd1 Qc2 37. Rd7 Qb1+ 38. Kh2 Nc8 39. Rxc7 Qb8 40. Rf7 Nd6 41. Re7 Nxe4 42. Qxe4 Qb6 43.
Kg2 Qf6 44. Rxe5 Rf8 45. Qe3 Qc6+ 46. Qe4 Qxc3 47. Re6 Qb2 48. Qe3 Qb7+ 49. Re4 Qf7 50. Qg3 Qb7 51. Qe3 Re8 52. f3 Rf8 53. h4 Qb2+ 54. Qe2 Qf6 55. Qe3 Qb2+ 56. Kg3 Qb8+ 57.
Kg2 Qb2+ 1/2-1/2

[Event "Late-Titled-Tuesday-Blitz-June-18-2024"]
[Site "Chess.com"]
[Date "2024.06.18"]
[Round "8"]
[White "jcibarra"]
[Black "Dolphin_2010"]
[Result "0-1"]
[WhiteElo "2997"]
[BlackElo "2820"]
[TimeControl "180+1"]
[EndTime "15:30:06 PDT"]
[Termination "Dolphin_2010 won by resignation"]

1. e4 c6 2. Nf3 d5 3. d3 g6 4. Qe2 Bg7 5. g3 Bg4 6. Nbd2 Nf6 7. h3 Bxf3 8. Nxf3 e6 9. Bg2 O-O 10. O-O a5 11. e5 Nfd7 12. h4 c5 13. c4 Nc6 14.
Bf4 d4 15. h5 Qe7 16. Rfe1 h6 17. g4 g5 18. Bg3 Rfc8 19. Rac1 Qd8 20. Qd2 Qc7 21.
Re4 Ndxe5 22. Nxe5 Bxe5 23. Bxe5 Nxe5 24. Rxe5 Qxe5 25.
Bxb7 a4 26. Re1 Qf6 27. Re4 Qf3 28. Qe2 Qxe2 29. Rxe2 Kf8 30. Kf1 Ke7 31. Ke1 Kd6 32.
Kd1 Rab8 33. Bxc8 Rxc8 34. Kc2 f5 35. gxf5 exf5 36. b3 axb3+ 37. Kxb3 Rb8+ 38. Kc2 g4 39. Re1 Ra8 40. Kb2 Rb8+ 41. Kc2 Rg8 42. Kd2 Ra8 43. Ra1 Ra3 44. Kc2 Ke5 45. Kd2 Kf4 46. Ke2 Kg5 47.
Kd2 Kxh5 48. Kc2 Kg5 49. Kb2 Ra5 50. Re1 h5 51. Re8 h4 52. Rh8 h3 53. Kb3 Kf4 54. Rh5 Ra7 55. a3 Rb7+ 56. Kc2 Rf7 57. Kd2 Kf3 58. Ke1 f4 59. Rh7 Rxh7 0-1

[Event "Late-Titled-Tuesday-Blitz-June-18-2024"]
[Site "Chess.com"]
[Date "2024.06.18"]
[Round "8"]
[White "gabduschew"]
[Black "Romkachess"]
[Result "1-0"]
[WhiteElo "2377"]
[BlackElo "2486"]
[TimeControl "180+1"]
[EndTime "15:30:06 PDT"]
[Termination "gabduschew won on time"]

1. e4 c5 2. Nf3 d6 3. d4 cxd4 4. Nxd4 Nf6 5. Nc3 a6 6. Be3 e5 7. Nb3 h5 8. f3 Be6 9. Qd2 Nbd7 10. Nd5 Bxd5 11. exd5 g6 12. O-O-O Rc8 13. f4 Bg7 14. Kb1 O-O 15. fxe5 Nxe5 16. Bg5 Ne4 17. Bxd8 Nxd2+ 18. Rxd2 Rfxd8 19. c3 Bh6 20. Rd4 f5 21. Be2 Be3 22. Rb4 Rc7 23. Rd1 Kf7 24. Na5 Rdd7 25. Nb3 Kf6 26.
h4 Ng4 27. Rf1 Ke5 28. Bf3 Re7 29. a4 f4 30. a5 Nf6 31. Rd1 Ng4 32. Nd4 Kf6 33.
Ne6 Rc8 34. Nxf4 Ne5 35. Nd3 Bc5 36. Rf4+ Kg7 37. Nxe5 Rxe5 38. g4 Be3 39. Re4 hxg4 40. Rxe5 dxe5 41. Bxg4 Rd8 42. d6 Bc5 43. d7 e4 44. Kc2 e3 45. b4 Be7 46. Kd3 Bxh4 47. Ke2 Bf6 48. Bf3 Bxc3 49. Rb1 Rxd7 50. Rb3 Bd4 51.
Rd3 Rd6 52. Be4 Kf6 53. Bxb7 Ke5 54. Bf3 g5 55. Rd1 Rh6 56. Rg1 Rh2+ 57. Rg2 Rh3 58. Bb7 Rh4 59. Bxa6 Kf4 60. b5 g4 61. Bb7 Rh7 62.
a6 g3 63. Bf3 1-0

[Event "Late-Titled-Tuesday-Blitz-June-18-2024"]
[Site "Chess.com"]
[Date "2024.06.18"]
[Round "8"]
[White "i_like_explosions"]
[Black "xasid81"]
[Result "0-1"]
[WhiteElo "2449"]
[BlackElo "2579"]
[TimeControl "180+1"]
[EndTime "15:30:07 PDT"]
[Termination "xasid81 won by checkmate"]

1. d4 d5 2. c4 e6 3. cxd5 exd5 4. Nc3 Nf6 5. Bg5 c5 6. Nf3 Be7 7. e3 O-O 8. dxc5 Bxc5 9. Be2 Nc6 10. Nd4 Nxd4 11. exd4 Be7 12. O-O h6 13. Bf4 Be6 14.
Qb3 Bd6 15. Be5 Bxe5 16. dxe5 d4 17. Qxb7 Nd7 18. Nb5 Nxe5 19. Qe4 d3 20. Qxe5 dxe2 21. Qxe2 Qb6 22. Nc3 Rac8 23. Rfe1 Rfd8 24. Rad1 Re8 25.
Qd2 Qa5 26. a3 Red8 27. Qc2 Rf8 28. h3 Rb8 29. Rd4 Qc5 30. Rd2 Rfc8 31. Qe4 Re8 32. Qe3 Qa5 33. Qg3 Rb3 34. Qe5 Qa6 35. Qd6 Rb6 36.
Qc5 Rc8 37. Qd4 Rcb8 38. Ree2 Bc4 39. Re7 Be6 40. Rc7 R6b7 41. Rxb7 Qxb7 42. b4 Rc8 43. b5 Rc4 44. Qe5 Qc8 45. Ne4 Rc1+ 46. Kh2 Qc7 47.
Qxc7 Rxc7 48. Nd6 Rc3 49. a4 Ra3 50. Rd4 Ra2 51. Ne4 Bb3 52. Nc5 Bc2 53. Kg3 Bf5 54.
Rb4 Rc2 55. Ne4 Bxe4 56. Rxe4 Ra2 57. Rb4 f5 58. f3 Kf7 59. Kh2 g5 60. f4 Kg6 61. fxg5 hxg5 62. h4 f4 63. hxg5 Kxg5 64. Kh3 Ra1 65. Rd4 Rh1# 0-1

[Event "Late-Titled-Tuesday-Blitz-June-18-2024"]
[Site "Chess.com"]
[Date "2024.06.18"]
[Round "8"]
[White "MaestroCheck"]
[Black "patzer-reloaded"]
[Result "1-0"]
[WhiteElo "2621"]
[BlackElo "2459"]
[TimeControl "180+1"]
[EndTime "15:30:08 PDT"]
[Termination "MaestroCheck won on time"]

1. e4 d6 2. d4 Nf6 3. Nc3 g6 4. Be3 Bg7 5. Qd2 O-O 6. Bh6 c5 7. Bxg7 Kxg7 8. h4 cxd4 9. Qxd4 Nc6 10. Qd2 h5 11. O-O-O Be6 12. f3 Qa5 13. a3 Rab8 14.
Nge2 b5 15. Nf4 b4 16. Nxe6+ fxe6 17. Nb1 e5 18. Bc4 Nd4 19. b3 Rfc8 20. g4 Rxc4 21. bxc4 Qa4 22. axb4 Rxb4 23. Qd3 Rxc4 24. Rh2 Nb3+ 25.
Kb2 Nc5 26. Qa3 Rb4+ 27. Ka2 Qb5 28. Nc3 Qc4+ 29. Ka1 Na4 30. Na2 Rb2 31. gxh5 Rxa2+ 32. Qxa2 Qxa2+ 33. Kxa2 Nc3+ 34. Kb3 Nxd1 35. hxg6 Kxg6 36.
Rh1 Ne3 37. Ra1 Ng2 38. Rxa7 Kf7 39. h5 Nxh5 40. Kc4 Ngf4 41. Kc3 Nf6 42. Kd2 Nh7 43. Ra8 Ng5 44. Ke3 Nge6 45. c3 Ng5 46. Rh8 Nge6 47. Rh7+ Kf6 48. Rh6+ Ng6 49. Rh8 Nef4 50.
Rc8 Kf7 51. Rc7 Ke6 52. Kf2 Nf8 53. Ke3 Nd7 54. Rc8 Nc5 55. Rh8 Ncd3 56. Rh6+ Kd7 57. Rh7 Ne6 58. Kxd3 Ng5 59. Rh4 Nxf3 60. Rg4 Nh2 61.
Rg2 Nf3 62. Rg4 Nh2 63. Rg3 Nf1 64. Rh3 1-0

[Event "Late-Titled-Tuesday-Blitz-June-18-2024"]
[Site "Chess.com"]
[Date "2024.06.18"]
[Round "8"]
[White "VirtualCoach"]
[Black "Zq1"]
[Result "0-1"]
[WhiteElo "2352"]
[BlackElo "2497"]
[TimeControl "180+1"]
[EndTime "15:30:08 PDT"]
[Termination "Zq1 won by checkmate"]

1. e4 c5 2. Nf3 d6 3. d4 cxd4 4. Nxd4 Nf6 5. Nc3 Nc6 6. Bg5 g6 7. Bxf6 exf6 8. Qd2 Bg7 9. O-O-O O-O 10. Nxc6 bxc6 11. Qxd6 Qb6 12. Qd4 c5 13. Qd6 f5 14.
e5 Rb8 15. Qxb6 axb6 16. f4 Be6 17. Bb5 f6 18. exf6 Bxf6 19. Rhe1 Bf7 20. Rd7 Kh8 21.
Ra7 Ra8 22. Rxa8 Rxa8 23. Kb1 Bxc3 24. bxc3 Bxa2+ 25. Kb2 Bg8 26. Bc6 Rc8 27. Bb7 Rc7 28. Bf3 Kg7 29. Rd1 b5 30. Rd6 Bc4 31. Rb6 h6 32. Bc6 Re7 33. Bf3 g5 34. fxg5 hxg5 35. Bh5 g4 36. Rc6 Re5 37. h3 gxh3 38. gxh3 f4 39. Bg4 Kf7 40. h4 Kg7 41. h5 Rg5 42.
Bf3 Rg3 43. Be4 Rh3 44. Rxc5 f3 45. Rf5 Be2 46. Kb3 Kh6 47. Rf4 Kg5 48. Rf5+ Kg4 49. Kb4 Rh2 50. Bxf3+ Bxf3 51. Rxb5 Bd1 52. Rd5 Bxc2 53.
c4 Kf4 54. c5 Be4 55. Rd4 Ke5 56. Kc4 Rc2+ 57. Kb3 Kxd4 58. h6 Rxc5 59. h7 Rh5 60.
h8=Q+ Rxh8 61. Kb4 Rc8 62. Kb5 Rb8+ 63. Ka6 Rb1 64.
Ka7 Kc5 65. Ka6 Ra1# 0-1

[Event "Late-Titled-Tuesday-Blitz-June-18-2024"]
[Site "Chess.com"]
[Date "2024.06.18"]
[Round "8"]
[White "Hirna2005"]
[Black "unbreakablepawn35"]
[Result "0-1"]
[WhiteElo "2284"]
[BlackElo "2446"]
[TimeControl "180+1"]
[EndTime "15:30:14 PDT"]
[Termination "unbreakablepawn35 won by checkmate"]

1. e4 d5 2. exd5 Qxd5 3. Nc3 Qd8 4. Nf3 Nf6 5. Bc4 a6 6. a4 Nc6 7. O-O Bf5 8. d3 e6 9. Re1 Be7 10. h3 O-O 11. Bf4 h6 12. Ne5 Nxe5 13. Bxe5 Bd6 14.
Qf3 Rb8 15. g4 Bg6 16. Rad1 Bxe5 17. Rxe5 Qd4 18. Qe3 Qxe3 19. Rxe3 Rfd8 20. f4 h5 21. Rg3 c6 22. Rf1 b5 23. Bb3 b4 24. Ne2 hxg4 25.
hxg4 Nd5 26. f5 exf5 27. gxf5 Bh5 28. Nf4 Nxf4 29. Rxf4 Kf8 30. Rh4 g6 31. Bc4 a5 32.
Rf4 Kg7 33. fxg6 fxg6 34. Rf7+ Kh6 35. Rc7 Rf8 36. Rxc6 Rbe8 37. Rg2 Re1+ 38. Kh2 Bf3 39. Rcxg6+ Kh5 40. R2g5+ Kh4 41. Rg1 Re2+ 42. R6g2 Bxg2 43. Rxg2 Rff2 44. Bd5 Rxg2+ 45. Bxg2 Rxc2 46. b3 Rd2 47. Kg1 Rxd3 48. Kf2 Rxb3 49. Bf1 Ra3 50. Bb5 Kg4 51.
Ke2 Kf4 52. Kd2 Ke4 53. Kc2 Kd4 54. Kb2 Rg3 55. Bc6 Kc5 56. Bb7 Rg7 57. Be4 Rg3 58. Bf5 Ra3 59. Bd7 Kc4 60. Be8 Rb3+ 61. Ka2 Kc3 62. Bg6 Ra3+ 63. Kb1 Rxa4 64. Bc2 Ra3 65. Bd1 a4 66. Bc2 b3 67. Bd1 b2 68. Bb3 Ra1# 0-1